[Event "Team 45 45 League T40"]
[Site "Internet Chess Club"]
[Date "2009.02.13"]
[Round "3"]
[White "mickeys"]
[Black "rubo"]
[Result "1-0"]
[WhiteElo "1911"]
[BlackElo "1730"]
[Opening "King's Indian, 3.Nf3"]
[ECO "E60"]
[Time "20:00:26"]
[TimeControl "2700+45"]

1. d4 Nf6 2. Nf3 g6 3. c4 c5 4. Nc3 Bg7 5. e4 Qa5 6. Bd2 cxd4 7. Nxd4 a6 8. Bd3
d6 9. O-O O-O 10. Nd5 Qd8 11. Bc3 Nc6 12. Nxc6 bxc6 13. Nxf6+ Bxf6 14. Bxf6 exf6
15. Qf3 Kg7 16. Rfd1 Qe7 17. Rd2 h5 18. Re1 Bb7 19. Qe3 c5 20. Bc2 Bc6 21. Red1
Rad8 22. Qf4 g5 23. Qe3 Qe5 24. Qg3 Qxb2 25. f4 Kh6 26. Bb3 Qa3 27. fxg5+ fxg5
28. Rxd6+ Rxd6 29. Rxd6+ f6 30. Rxc6 Qc1+ 31. Kf2 Qd2+ 32. Kf1 Qc1+ 33. Qe1 Qf4+
34. Kg1 Re8 35. Qf1 Qe3+ 36. Kh1 Rf8 37. Rxf6+ Rxf6 38. Qxf6+ Kh7 39. h3 g4 40.
hxg4 Qe1+ 41. Kh2 h4 42. Qf3 Kh6 43. Bc2 Qa1 44. Qf4+ Kg7 45. Qg5+ Kf7 46. Qxh4
Qxa2 47. Qh7+ Ke6 48. Qf5+ Kd6 49. e5+ Kc6 50. Qe6+ Kc7 51. Qd6+ Kb7 52. Be4+
Kc8 53. Qxc5+ Kb8 54. Qd6+ Kc8 55. c5 Qf2 56. Bf5+ Kb7 57. Qb6+ Ka8 58. Be4#
{Black checkmated} 1-0

[Event "Team 45 45 League T40"]
[Site "Internet Chess Club"]
[Date "2009.02.15"]
[Round "3"]
[White "reb"]
[Black "chesskilleruk"]
[Result "1-0"]
[WhiteElo "2348"]
[BlackElo "2300"]
[Opening "Philidor: Hanham, Schlechter variation"]
[ECO "B12"]
[Time "13:30:43"]
[TimeControl "2700+45"]

1. e4 c6 2. d4 d6 3. Nc3 Nd7 4. Nf3 e5 5. Bc4 Be7 6. dxe5 dxe5 7. O-O Ngf6 8.
Qe2 O-O 9. Bg5 Qc7 10. a4 Re8 11. Rfd1 Nf8 12. Bh4 Ng6 13. Bg3 Bg4 14. Bxf7+
Kxf7 15. Ng5+ Kf8 16. Qxg4 Nxg4 17. Ne6+ {Black resigns} 1-0

[Event "Team 45 45 League T40"]
[Site "Internet Chess Club"]
[Date "2009.02.11"]
[Round "3"]
[White "adh2050"]
[Black "fundie"]
[Result "0-1"]
[WhiteElo "2103"]
[BlackElo "2267"]
[Opening "Pirc defense"]
[ECO "B07"]
[Time "22:02:57"]
[TimeControl "2700+45"]

1. e4 d6 2. d4 Nf6 3. Nc3 a6 4. a4 b6 5. g3 Bb7 6. Bg2 e6 7. Nge2 Nbd7 8. O-O c5
9. d5 exd5 10. exd5 Be7 11. Nf4 O-O 12. b3 Ne5 13. Bb2 Bc8 14. Nd3 Bg4 15. f3
Nxd3 16. Qxd3 Bd7 17. Rae1 Ne8 18. f4 Bf6 19. Be4 Bd4+ 20. Kg2 Nf6 21. h3 Nxe4
22. Qxe4 Qf6 23. Qf3 b5 24. Ne4 Qh6 25. Bxd4 cxd4 26. g4 Rac8 27. Rf2 f5 28. Ng5
Rc3 29. Qd1 Re3 30. Rxe3 dxe3 31. Rf1 fxg4 32. hxg4 Qh4 33. Ne6 Rf6 34. g5 Bxe6
35. dxe6 Rxf4 36. Rxf4 Qxf4 37. Qd5 Kf8 38. Qa8+ Ke7 39. Qb7+ Kxe6 40. Qxg7 Qe4+
41. Kh3 e2 42. Qg8+ Kd7 {White resigns} 0-1

[Event "Team 45 45 League T40"]
[Site "Internet Chess Club"]
[Date "2009.02.13"]
[Round "3"]
[White "jorobo"]
[Black "trucazzo"]
[Result "1-0"]
[WhiteElo "2163"]
[BlackElo "2029"]
[Opening "Dutch: Leningrad, main variation"]
[ECO "A87"]
[Time "16:57:15"]
[TimeControl "2700+45"]

1. c4 f5 2. d4 Nf6 3. g3 g6 4. Bg2 Bg7 5. Nf3 O-O 6. O-O d6 7. Nc3 Qe8 8. d5 Na6
9. Rb1 Bd7 10. b4 h6 11. Be3 c6 12. dxc6 bxc6 13. Qa4 Nc7 14. Qa5 Ng4 15. Bd2
Ne6 16. e3 g5 17. b5 Qh5 18. h3 Nf6 19. bxc6 Bxc6 20. Qxf5 Nc5 21. g4 Qf7 22.
Nxg5 Qxc4 23. Bxc6 Rac8 24. Bd5+ e6 25. Bxc4 hxg5 26. Bxe6+ Nxe6 27. Qxe6+ Kh8
28. Rb7 Rce8 29. Qxd6 Rd8 30. Qc7 Rd7 31. Qxd7 Nxd7 32. Rxd7 Rc8 33. Ne4 {Black
resigns} 1-0

[Event "Team 45 45 League T40"]
[Site "Internet Chess Club"]
[Date "2009.02.13"]
[Round "3"]
[White "tini3blas"]
[Black "Zkid"]
[Result "1-0"]
[WhiteElo "2205"]
[BlackElo "2224"]
[Opening "Sicilian: Alapin's variation (2.c3)"]
[ECO "B22"]
[Time "22:42:48"]
[TimeControl "2700+45"]

1. e4 c5 2. c3 Nf6 3. d3 e5 4. Nf3 Nc6 5. Be2 d5 6. Nbd2 Bd6 7. O-O O-O 8. Qb3
Na5 9. Qc2 Bg4 10. h3 Bh5 11. exd5 Nxd5 12. Ne4 f5 13. Nxd6 Qxd6 14. Nxe5 Bxe2
15. Qxe2 Rfe8 16. f4 Nc6 17. Nc4 Qd7 18. Qf2 b5 19. Rd1 Nxc3 20. bxc3 bxc4 21.
Qxc5 cxd3 22. Qc4+ Qe6 23. Qxe6+ Rxe6 24. Rxd3 Re1+ 25. Kh2 Rae8 26. Bb2 R1e2
27. Ba3 Rc2 28. Bc5 Ree2 29. Rg3 Rxa2 30. Rxa2 Rxa2 31. Rd3 Rc2 32. Rd6 Na5 33.
Rd8+ Kf7 34. Rd7+ Kg6 35. Rxa7 Nc4 36. Bd4 Nd2 37. Rxg7+ Kh6 38. Kg3 Nf1+ 39.
Kh4 Ne3 40. g4 fxg4 41. hxg4 Rh2+ 42. Kg3 Nf1+ 43. Kf3 Nd2+ 44. Ke3 Nf1+ 45. Ke4
Re2+ 46. Kf3 {Black resigns} 1-0

[Event "Team 45 45 League T40"]
[Site "Internet Chess Club"]
[Date "2009.02.14"]
[Round "3"]
[White "nb"]
[Black "menorca"]
[Result "0-1"]
[WhiteElo "2107"]
[BlackElo "2203"]
[Opening "QGD semi-Slav: Stoltz variation"]
[ECO "D45"]
[Time "12:00:26"]
[TimeControl "2700+45"]

1. d4 d5 2. c4 c6 3. Nc3 Nf6 4. e3 e6 5. Nf3 Nbd7 6. Qc2 dxc4 7. Bxc4 b5 8. Bd3
a6 9. Ne4 Bb7 10. Bd2 c5 11. Nxc5 Nxc5 12. dxc5 Bxc5 13. Qxc5 Qxd3 14. Bb4 Nd5
15. Rd1 Nxb4 16. Qxb4 a5 17. Qd4 Qxd4 18. Nxd4 b4 19. f3 Ke7 20. Kf2 Rhd8 21.
Rhe1 g6 22. Nb3 Rxd1 23. Rxd1 Bd5 24. e4 Bxb3 25. axb3 Rc8 26. Rd2 f6 27. Ke3
Rc1 28. f4 h6 29. g3 h5 30. Ke2 Rh1 31. Kd3 Rc1 32. e5 fxe5 33. fxe5 g5 34. Kd4
Kd7 35. Ke4+ Ke7 36. Re2 Rc5 37. h4 gxh4 38. gxh4 Rc1 39. Kf3 Rg1 40. Rc2 Kf7
41. Rc7+ Kg6 42. Rc4 Kf5 43. Rc2 Rg4 44. Rh2 Kxe5 45. Re2+ Kd5 46. Rd2+ Rd4 47.
Rg2 Rxh4 48. Rg5+ e5 {White resigns} 0-1

[Event "Team 45 45 League T40"]
[Site "Internet Chess Club"]
[Date "2009.02.13"]
[Round "3"]
[White "ranaamasonika"]
[Black "EUPHRATES"]
[Result "1-0"]
[WhiteElo "2182"]
[BlackElo "2013"]
[Opening "Sicilian: Nimzovich-Rossolimo attack (with ...g6, without ...d6)"]
[ECO "B31"]
[Time "22:22:36"]
[TimeControl "2700+45"]

1. e4 c5 2. Nf3 Nc6 3. Bb5 g6 4. Bxc6 dxc6 5. O-O Bg7 6. h3 e5 7. d3 f6 8. Be3
b6 9. Nc3 Nh6 10. Nd2 Be6 11. f4 exf4 12. Bxf4 O-O 13. Nf3 Nf7 14. g4 Qd7 15.
Qd2 Rad8 16. Rad1 h5 17. gxh5 g5 18. Be3 Bxh3 19. Rf2 Qg4+ 20. Kh1 Qxh5 21. Nh2
Ne5 22. Kg1 Qh4 23. Ne2 g4 24. Bf4 f5 25. Bg5 Qh7 26. Bxd8 Rxd8 27. Qg5 Rf8 28.
Rxf5 Rxf5 29. Qxf5 Qh4 30. Qf2 Qg5 31. Qf4 Qh4 32. Qg3 Qg5 33. Nf4 Bh6 34. Nxh3
Qe3+ 35. Qxe3 Bxe3+ 36. Kg2 gxh3+ 37. Kxh3 {Black resigns} 1-0

[Event "Team 45 45 League T40"]
[Site "Internet Chess Club"]
[Date "2009.02.15"]
[Round "3"]
[White "Frodo"]
[Black "alegro"]
[Result "0-1"]
[WhiteElo "1817"]
[BlackElo "1993"]
[Opening "KGD: classical variation"]
[ECO "C30"]
[Time "15:01:38"]
[TimeControl "2700+45"]

1. e4 e5 2. f4 Bc5 3. Nf3 d5 4. Nxe5 dxe4 5. Bc4 Nh6 6. Qh5 Qe7 7. Bxf7+ Nxf7 8.
Nxf7 Qxf7 9. Qxc5 Qxf4 10. Rf1 Qxh2 11. Qf2 Be6 12. Nc3 Nc6 13. d4 O-O-O 14. d5
Bxd5 15. Qf5+ Kb8 16. Nxd5 Nd4 17. Qf2 Rxd5 18. Be3 Nc6 19. Qf7 Qh4+ 20. Bf2 Qg5
21. Rd1 Rxd1+ 22. Kxd1 Rd8+ {White resigns} 0-1

[Event "Team 45 45 League T40"]
[Site "Internet Chess Club"]
[Date "2009.02.13"]
[Round "3"]
[White "eurander"]
[Black "pestka"]
[Result "1/2-1/2"]
[WhiteElo "2214"]
[BlackElo "2221"]
[Opening "Queen's pawn game, Darooha variation "]
[ECO "D02"]
[Time "15:36:42"]
[TimeControl "2700+45"]

1. d4 d5 2. Nf3 Nf6 3. c3 Bf5 4. Bg5 Nbd7 5. e3 h6 6. Bh4 e6 7. Bd3 Bxd3 8. Qxd3
Be7 9. Nbd2 O-O 10. O-O c5 11. Rfe1 Re8 12. Ne5 Qb6 13. Rab1 Nxe5 14. dxe5 Nd7
15. Bg3 Red8 16. b3 Qc6 17. Rbd1 b5 18. e4 Nb6 19. exd5 Rxd5 20. Qf3 c4 21. Ne4
Rad8 22. Rd2 Qc8 23. Rxd5 Rxd5 24. h3 Qd7 25. Qg4 Kf8 26. Kh2 a5 27. Nd6 Bxd6
28. exd6 Nc8 29. bxc4 bxc4 30. Qxc4 {Game drawn by mutual agreement} 1/2-1/2

[Event "Team 45 45 League T40"]
[Site "Internet Chess Club"]
[Date "2009.02.15"]
[Round "3"]
[White "Kolibri"]
[Black "frothyjowels"]
[Result "0-1"]
[WhiteElo "2000"]
[BlackElo "2350"]
[Opening "KP: Nimzovich defense"]
[ECO "B00"]
[Time "15:00:09"]
[TimeControl "2700+45"]

1. e4 Nc6 2. Nf3 d6 3. d4 Nf6 4. Nc3 g6 5. Be2 Bg7 6. h3 O-O 7. Bf4 Nh5 8. Bh2
a6 9. e5 dxe5 10. dxe5 Bh6 11. Nd5 Be6 12. c4 b5 13. b3 Bxd5 14. cxd5 Nb4 15. d6
exd6 16. a3 Nc6 17. exd6 Bf4 18. dxc7 Qxc7 19. O-O Rfd8 20. Qc1 Bxh2+ 21. Nxh2
Nf4 22. Bf3 Rac8 23. Qxc6 Ne2+ 24. Kh1 Qxc6 25. Bxc6 Rxc6 26. Ra2 Nc1 27. Rb2
Rd3 28. Rb1 Nxb3 29. Nf3 f6 30. Rb2 Rc4 31. Re1 Nc5 32. Re7 Rd7 33. Re8+ Kf7 34.
Ra8 Ra4 35. Rc2 Ne4 36. Rc6 Rxa3 37. Nd4 Rc3 38. Rb6 Rc1+ 39. Kh2 Nxf2 40. Ne6
Rh1+ 41. Kg3 Ne4+ 42. Kf4 Nc3 43. Nd8+ Kg7 44. Ne6+ Kh6 45. Rbxa6 b4 46. Nc5
Rf1+ 47. Ke3 Rd5 48. Nd3 Rd1 49. Nxb4 Re1+ 50. Kf2 Re2+ 51. Kg3 Rg5+ 52. Kf3
Rf5+ 53. Kg3 Ne4+ 54. Kh2 Rff2 {White resigns} 0-1

[Event "Team 45 45 League T40"]
[Site "Internet Chess Club"]
[Date "2009.02.17"]
[Round "3"]
[White "Gil-galad"]
[Black "fledermaus"]
[Result "1-0"]
[WhiteElo "2096"]
[BlackElo "1979"]
[Opening "QGD: exchange, positional line"]
[ECO "D35"]
[Time "14:36:38"]
[TimeControl "2700+45"]

1. d4 d5 2. c4 e6 3. Nc3 Nf6 4. cxd5 exd5 5. Bg5 Be7 6. e3 Nbd7 7. Bd3 c6 8. Qc2
O-O 9. Nge2 Re8 10. O-O Nf8 11. f3 Nh5 12. Bxe7 Rxe7 13. Qd2 f5 14. Rae1 Qe8 15.
e4 fxe4 16. fxe4 dxe4 17. Nxe4 Bg4 18. N2c3 Rd8 19. Qg5 Bc8 20. Nd6 Qd7 21. Bc4+
{Black resigns} 1-0

[Event "Team 45 45 League T40"]
[Site "Internet Chess Club"]
[Date "2009.02.14"]
[Round "3"]
[White "Holzschlange"]
[Black "JustinSane"]
[Result "1/2-1/2"]
[WhiteElo "1939"]
[BlackElo "2100"]
[Opening "Réti: advance variation"]
[ECO "A09"]
[Time "19:02:17"]
[TimeControl "2700+45"]

1. Nf3 d5 2. c4 d4 3. b4 g6 4. g3 Bg7 5. d3 a5 6. b5 b6 7. Bg2 Bb7 8. a4 Nd7 9.
O-O Nc5 10. Nbd2 Nf6 11. Nb3 Nxb3 12. Qxb3 Nd7 13. Ba3 Nc5 14. Bxc5 bxc5 15. Nd2
Bxg2 16. Kxg2 Be5 17. Rab1 Rb8 18. Ne4 Bd6 19. Qa2 O-O 20. Rb3 f5 {Game drawn by
mutual agreement} 1/2-1/2

[Event "Team 45 45 League T40"]
[Site "Internet Chess Club"]
[Date "2009.02.16"]
[Round "3"]
[White "gyoung"]
[Black "KNVB"]
[Result "1/2-1/2"]
[WhiteElo "2252"]
[BlackElo "2366"]
[Opening "French: Tarrasch, open variation"]
[ECO "C07"]
[Time "21:01:14"]
[TimeControl "2700+45"]

1. e4 e6 2. d4 d5 3. Nd2 c5 4. exd5 Qxd5 5. Ngf3 cxd4 6. Bc4 Qd6 7. O-O Nf6 8.
Nb3 Nc6 9. Nbxd4 Nxd4 10. Qxd4 Qxd4 11. Nxd4 a6 12. Bf4 b5 13. Bd3 Bb7 14. a4 b4
15. a5 Be7 16. Rfe1 Nd5 17. Be5 O-O 18. Rad1 Rac8 19. Be4 Rfe8 20. Rd3 Bf8 21.
h4 g6 22. h5 Bg7 23. Bd6 Bf8 24. Bxf8 Kxf8 25. hxg6 hxg6 26. Nf3 Rc5 27. Ne5 Kg7
28. Rd4 Rxa5 29. Bxd5 Bxd5 30. Rxb4 Rb5 31. Nd3 Reb8 32. Ra4 Bb7 33. Rc4 Rg5 34.
g3 Rh8 35. Kf1 Bf3 36. Rh4 Rxh4 37. gxh4 Rh5 38. Re3 Bd1 39. c3 Rxh4 40. Ke1 Bb3
41. Nc5 Bc4 42. Re4 Rxe4+ 43. Nxe4 Bd5 44. Nc5 a5 45. b4 axb4 46. cxb4 Bc6 47.
Kd2 Kf6 48. Ke3 Kf5 49. Nb3 e5 50. Nd2 g5 51. Nb1 e4 52. Nc3 Ke5 53. b5 Bb7 54.
Na4 Kd5 55. Nc3+ Ke5 56. Na4 f5 57. Nc5 f4+ 58. Kd2 Bd5 59. b6 g4 60. b7 Bxb7
61. Nxb7 e3+ 62. fxe3 f3 63. Ke1 g3 64. Nc5 Kf5 65. Kf1 Kg4 66. Ne4 Kh3 67. Nxg3
Kxg3 {Game drawn by mutual agreement} 1/2-1/2

[Event "Team 45 45 League T40"]
[Site "Internet Chess Club"]
[Date "2009.02.17"]
[Round "3"]
[White "playwaycool"]
[Black "f5"]
[Result "1-0"]
[WhiteElo "2107"]
[BlackElo "2187"]
[Opening "Dutch, 2.Bg5 variation"]
[ECO "A80"]
[Time "22:31:47"]
[TimeControl "2700+45"]

1. d4 f5 2. Bg5 g6 3. h4 Bg7 4. c3 c6 5. h5 h6 6. Bc1 g5 7. Qc2 d5 8. g4 fxg4 9.
Nd2 Nf6 10. e4 dxe4 11. Bg2 Bf5 12. Ne2 e6 13. Nxe4 O-O 14. Be3 Nxe4 15. Bxe4
Bxe4 16. Qxe4 Qd5 17. Ng3 Nd7 18. Qxg4 Nf6 19. Qe2 Rae8 20. c4 Qa5+ 21. Bd2 Qb6
22. O-O-O c5 23. Bc3 cxd4 24. Bxd4 Qc7 25. Be5 Qc6 26. Kb1 Rd8 27. Rhe1 a6 28.
Rxd8 Rxd8 29. Bxf6 Bxf6 30. Qxe6+ Qxe6 31. Rxe6 Kf7 32. Rb6 Bg7 33. Rxb7+ Kg8
34. Nf5 Bf8 35. Ne7+ Bxe7 36. Rxe7 Rd2 37. c5 {Black resigns} 1-0

[Event "Team 45 45 League T40"]
[Site "Internet Chess Club"]
[Date "2009.02.14"]
[Round "3"]
[White "chiiwen"]
[Black "Gregorio"]
[Result "1/2-1/2"]
[WhiteElo "2090"]
[BlackElo "2139"]
[Opening "Ruy Lopez: closed (9...Na5)"]
[ECO "C96"]
[Time "23:01:53"]
[TimeControl "2700+45"]

1. e4 e5 2. Nf3 Nc6 3. Bb5 a6 4. Ba4 Nf6 5. O-O b5 6. Bb3 Be7 7. Re1 O-O 8. h3
d6 9. c3 Na5 10. Bc2 Bb7 11. d4 Nc6 12. Nbd2 Re8 13. Nf1 Bf8 14. Ng3 g6 15. a4
Bg7 16. Bd3 exd4 17. cxd4 Nb4 18. axb5 Nxd3 19. Qxd3 axb5 20. Rxa8 Qxa8 21. d5
c6 22. dxc6 Bxc6 23. Qxd6 Nxe4 24. Nxe4 Bxe4 25. Ng5 Bc6 26. Rxe8+ Qxe8 27. Qd1
Bf6 28. b3 Qe5 29. Nf3 Bxf3 30. gxf3 Qa1 31. Kg2 Bg5 32. f4 Qa8+ 33. Qf3 Qxf3+
34. Kxf3 Be7 35. Ke4 Bb4 36. Bb2 Kf8 37. Kd5 Be1 38. f3 Ke7 39. Be5 f6 40. Bd6+
Kd7 41. Bb8 Bb4 42. Ba7 Bd2 43. Bb8 Be3 44. Bd6 h5 45. Bb8 Bb6 {Game drawn by
mutual agreement} 1/2-1/2

[Event "Team 45 45 League T40"]
[Site "Internet Chess Club"]
[Date "2009.02.14"]
[Round "3"]
[White "Speedy-Reedy"]
[Black "Legal"]
[Result "1-0"]
[WhiteElo "1899"]
[BlackElo "1996"]
[Opening "French: Steinitz, Boleslavsky variation"]
[ECO "C11"]
[Time "14:00:34"]
[TimeControl "2700+45"]

1. e4 e6 2. d4 d5 3. Nc3 Nf6 4. e5 Nfd7 5. f4 c5 6. Nf3 Nc6 7. Be3 a6 8. Qd2 b5
9. dxc5 Bxc5 10. Bxc5 Nxc5 11. Bd3 Qb6 12. Qf2 b4 13. Ne2 a5 14. O-O Ba6 15. Kh1
Bxd3 16. cxd3 Rb8 17. Rad1 g6 18. Qh4 Nd7 19. Qh6 Qe3 20. Rfe1 Ndxe5 21. Ned4
Ng4 22. Rxe3 {Black resigns} 1-0

[Event "Team 45 45 League T40"]
[Site "Internet Chess Club"]
[Date "2009.02.22"]
[Round "3"]
[White "easycure"]
[Black "TheChessKid"]
[Result "1-0"]
[WhiteElo "2387"]
[BlackElo "2145"]
[Opening "King's Indian: orthodox, Aronin-Taimanov variation (Yugoslav attack / Mar del Plata variation)"]
[ECO "E97"]
[Time "12:22:47"]
[TimeControl "2700+45"]

1. d4 Nf6 2. c4 g6 3. Nc3 Bg7 4. e4 d6 5. Nf3 O-O 6. Be2 e5 7. O-O Nc6 8. d5 Ne7
9. Bg5 Nh5 10. Ne1 Nf4 11. Nd3 Nxe2+ 12. Qxe2 h6 13. Be3 f5 14. f3 c6 15. c5 f4
16. cxd6 Nxd5 17. exd5 fxe3 18. dxc6 Qxd6 19. cxb7 Bxb7 20. Qxe3 e4 21. Nxe4 Bd4
22. Nxd6 Bxe3+ 23. Kh1 Ba6 24. Rfe1 Bd4 25. Nb4 Bxb2 26. Rab1 Ba3 27. Nxa6 Bxd6
28. Re6 Ba3 29. Rxg6+ Kh7 30. Re6 Rad8 31. Rb7+ Kg8 32. Rg6+ Kh8 33. Rxh6+ Kg8
34. Rg6+ Kh8 35. h4 Rd1+ 36. Kh2 Bd6+ 37. Kh3 Rf4 38. g3 Rxf3 39. Rd7 Rfd3 40.
Nc7 R3d2 41. Ne8 Rh1+ 42. Kg4 Rd4+ 43. Kf3 Bc5 44. Rh6+ {Black resigns} 1-0

[Event "Team 45 45 League T40"]
[Site "Internet Chess Club"]
[Date "2009.02.17"]
[Round "3"]
[White "Campagnolo"]
[Black "Blade"]
[Result "1-0"]
[WhiteElo "2084"]
[BlackElo "2078"]
[Opening "King's pawn opening"]
[ECO "B07"]
[Time "15:01:41"]
[TimeControl "2700+45"]

1. e4 d6 2. c4 e5 3. d4 exd4 4. Qxd4 Nc6 5. Qd3 Nf6 6. Nc3 Be6 7. Nd5 Be7 8. Nf3
O-O 9. Be2 Ne5 10. Qc2 c6 11. Nxe7+ Qxe7 12. Bg5 h6 13. Bh4 Ng6 14. Bg3 Bg4 15.
Nd2 Bxe2 16. Kxe2 d5 17. f3 dxe4 18. Nxe4 Rfe8 19. Ke3 Qc5+ 20. Ke2 Qf5 21. Rhe1
Nxe4 22. fxe4 Rxe4+ 23. Kd2 Rd8+ 24. Kc3 Rxe1 25. Qxf5 {Black resigns} 1-0

[Event "Team 45 45 League T40"]
[Site "Internet Chess Club"]
[Date "2009.02.18"]
[Round "3"]
[White "SlimeDog2"]
[Black "nosalt"]
[Result "1-0"]
[WhiteElo "2197"]
[BlackElo "2007"]
[Opening "Benkö gambit accepted"]
[ECO "A58"]
[Time "20:01:04"]
[TimeControl "2700+45"]

1. d4 Nf6 2. c4 c5 3. d5 b5 4. cxb5 a6 5. bxa6 d6 6. Nc3 g6 7. e4 Bg7 8. Nf3 O-O
9. Bd3 Bxa6 10. O-O Nbd7 11. Re1 c4 12. Bf1 Qb6 13. Qc2 Rfb8 14. Na4 Qc7 15. Be3
Ng4 16. Bd4 Nde5 17. Nxe5 Nxe5 18. Red1 Qb7 19. Nb6 Nd3 20. Bxg7 Qxb6 21. Bc3
Bb5 22. Rd2 Rb7 23. Qd1 Rba7 24. b3 Nc5 25. bxc4 Nxe4 26. Bd4 Qa5 27. Rb2 Ba4
28. Qe2 Nc5 29. Rab1 Qc7 30. h4 h5 31. Qd2 Kh7 32. Qf4 Be8 33. Be3 Rxa2 34. Qh6+
Kg8 35. Bd4 f6 36. Rxa2 Rxa2 37. Qe3 Kf8 38. Qh6+ Kg8 39. g3 Ne4 40. Bh3 Bf7 41.
Be6 Bxe6 42. Qxg6+ Kf8 43. dxe6 {Black resigns} 1-0

[Event "Team 45 45 League T40"]
[Site "Internet Chess Club"]
[Date "2009.02.17"]
[Round "3"]
[White "dnmuscg"]
[Black "Ser-Enigma"]
[Result "0-1"]
[WhiteElo "1964"]
[BlackElo "2135"]
[Opening "Ruy Lopez: 5.O-O"]
[ECO "C78"]
[Time "13:35:35"]
[TimeControl "2700+45"]

1. e4 e5 2. Nf3 Nc6 3. Bb5 a6 4. Ba4 Nf6 5. O-O b5 6. Bb3 Bc5 7. c3 d6 8. d3 O-O
9. h3 Kh8 10. Bg5 h6 11. Be3 Bxe3 12. fxe3 d5 13. exd5 Nxd5 14. e4 Ne3 15. Qe2
Nxf1 16. Qxf1 Qd6 17. Bd5 Bb7 18. Nbd2 Nd8 19. Bxb7 Nxb7 20. d4 exd4 21. cxd4 c5
22. d5 f5 23. Rd1 fxe4 24. Nxe4 Qf4 25. Qd3 Rae8 26. Re1 Nd6 27. Nxd6 Rxe1+ 28.
Nxe1 Qxd6 29. Nf3 Rd8 30. Nh4 Qxd5 31. Ng6+ Kh7 32. Qg3 Qg5 {White resigns} 0-1

[Event "Team 45 45 League T40"]
[Site "Internet Chess Club"]
[Date "2009.02.14"]
[Round "3"]
[White "GeofDeV"]
[Black "izit"]
[Result "0-1"]
[WhiteElo "1926"]
[BlackElo "2190"]
[Opening "King's Indian: orthodox, Aronin-Taimanov, 9.Ne1"]
[ECO "E98"]
[Time "06:03:58"]
[TimeControl "2700+45"]

1. d4 Nf6 2. c4 g6 3. Nc3 Bg7 4. e4 O-O 5. Nf3 d6 6. Be2 e5 7. O-O Nc6 8. d5 Ne7
9. Ne1 Nd7 10. Be3 f5 11. f3 f4 12. Bf2 g5 13. Nd3 Nf6 14. b4 Rf7 15. c5 Bf8 16.
Rc1 Ng6 17. Nb2 h5 18. Nc4 g4 19. Kh1 g3 20. hxg3 fxg3 21. Bxg3 h4 22. Bh2 Nh5
23. Qe1 Qg5 24. g4 hxg3 25. Rg1 Qh6 26. Rxg3 Nxg3+ 27. Qxg3 Rg7 28. Qe1 Nf4 29.
Ne3 dxc5 30. bxc5 Bxc5 31. Ng4 Bxg4 32. fxg4 Rf8 33. Rc2 Qxh2+ {White resigns}
0-1

[Event "Team 45 45 League T40"]
[Site "Internet Chess Club"]
[Date "2009.02.16"]
[Round "3"]
[White "Budzo"]
[Black "GtoG"]
[Result "1-0"]
[WhiteElo "1806"]
[BlackElo "1678"]
[Opening "QGD Slav: 4.e3 Bf5"]
[ECO "D12"]
[Time "19:15:35"]
[TimeControl "2700+45"]

1. Nf3 d5 2. d4 c6 3. e3 Nf6 4. c4 Bf5 5. Nc3 e6 6. Nh4 Bg6 7. Nxg6 hxg6 8. g3
Bb4 9. Qb3 Qa5 10. Bd2 Nbd7 11. Bg2 dxc4 12. Qxc4 Rc8 13. O-O Qh5 14. h3 Bd6 15.
Qe2 Ke7 16. e4 Bb8 17. Qxh5 Rxh5 18. Ne2 Rch8 19. Nf4 R5h7 20. Bb4+ Ke8 21. e5
Nd5 22. Nxd5 cxd5 23. Rac1 Nb6 24. b3 f6 25. exf6 gxf6 26. Rfe1 Kd7 27. Bf1 a6
28. Ba5 Nc8 29. Rc2 b6 30. Bb4 a5 31. Ba3 Nd6 32. Bxd6 Bxd6 33. Rec1 Rb8 34. Rc6
Rhh8 35. Bb5 Ke7 36. Kg2 Rhd8 37. Bd3 f5 38. Bb5 Kf6 39. g4 Ba3 40. Re1 Rd6 41.
Rc7 Bb4 42. Rh1 Rdd8 43. gxf5 exf5 44. h4 Rh8 45. Rc6+ Kg7 46. Rc7+ Kh6 47. Rc6
f4 48. Kf3 Rhf8 49. h5 Kg5 50. Rxg6+ Kf5 51. Bd3# {Black checkmated} 1-0

[Event "Team 45 45 League T40"]
[Site "Internet Chess Club"]
[Date "2009.02.16"]
[Round "3"]
[White "Timotheous"]
[Black "Karatekick"]
[Result "1-0"]
[WhiteElo "1743"]
[BlackElo "1648"]
[Opening "Réti: advance variation"]
[ECO "A09"]
[Time "20:03:03"]
[TimeControl "2700+45"]

1. Nf3 d5 2. c4 d4 3. g3 c5 4. b4 cxb4 5. a3 e6 6. Bg2 Nf6 7. d3 Nc6 8. O-O Be7
9. axb4 Bxb4 10. Ba3 Bxa3 11. Rxa3 O-O 12. Nbd2 Qc7 13. Qa1 Rd8 14. Ng5 a6 15.
Rb1 Bd7 16. c5 h6 17. Nge4 Nd5 18. Nd6 Ncb4 19. Bxd5 Nxd5 20. Qxd4 Bc6 21. N2c4
a5 22. Ne5 Nb4 23. Nxc6 Qxc6 24. Qf4 Rd7 25. Rxb4 Qxc5 26. Nxb7 Qxb4 27. Qxb4
{Black resigns} 1-0

[Event "Team 45 45 League T40"]
[Site "Internet Chess Club"]
[Date "2009.02.14"]
[Round "3"]
[White "check-man"]
[Black "OGO"]
[Result "1/2-1/2"]
[WhiteElo "1503"]
[BlackElo "1620"]
[Opening "Hungarian defense"]
[ECO "C50"]
[Time "17:00:25"]
[TimeControl "2700+45"]

1. e4 e5 2. Nf3 Nc6 3. Bc4 Be7 4. Nc3 Nf6 5. d3 O-O 6. O-O d6 7. h3 Be6 8. Bb3
a6 9. d4 exd4 10. Nxd4 Nxd4 11. Qxd4 Qd7 12. Bf4 c5 13. Qd3 b5 14. Bxe6 fxe6 15.
Rad1 Rad8 16. e5 Ne8 17. exd6 c4 18. Qd2 Bf6 19. Rfe1 Bxc3 20. bxc3 Qf7 21. Bg5
Rxd6 22. Qe3 Rxd1 23. Rxd1 Nc7 24. Rd8 Rxd8 25. Bxd8 Nd5 26. Qe5 Qd7 27. Ba5 Kf7
28. Qh5+ Kg8 29. Qe5 Nf6 30. Qb8+ Kf7 31. Qc7 Qxc7 32. Bxc7 Nd5 33. Be5 g6 34.
Kh2 h5 35. Kg3 g5 36. Kf3 Kg6 37. Ke4 Kf7 38. Bd4 Nf4 39. Be3 Nxg2 40. Bxg5 Ne1
41. f4 Nxc2 42. f5 Ne1 43. Kf4 Nd3+ 44. Ke4 Nf2+ 45. Ke5 exf5 46. Kxf5 Nxh3 47.
Be3 Ke7 48. Ke5 Kd7 49. Kd5 Kc7 50. Kc5 Kb7 51. a3 Kc7 52. Kd5 h4 53. Kc5 Kb7
54. Kd6 a5 55. Kc5 Ka6 56. Kd5 b4 57. cxb4 axb4 58. axb4 Kb5 59. Ke4 Kxb4 60.
Kf5 c3 61. Kg4 Nf2+ 62. Bxf2 c2 63. Be3 Kb3 64. Kxh4 Kb2 65. Kg3 {Game drawn by
mutual agreement} 1/2-1/2

[Event "Team 45 45 League T40"]
[Site "Internet Chess Club"]
[Date "2009.02.13"]
[Round "3"]
[White "dondel"]
[Black "imawesome"]
[Result "0-1"]
[WhiteElo "1405"]
[BlackElo "1535"]
[Opening "QGD Slav defense"]
[ECO "D10"]
[Time "19:59:55"]
[TimeControl "2700+45"]

1. d4 d5 2. c4 c6 3. e3 Nf6 4. h3 e6 5. Nf3 Bd6 6. c5 Bc7 7. Bd3 O-O 8. Nbd2
Nbd7 9. Nf1 e5 10. dxe5 Nxe5 11. Nxe5 Bxe5 12. Ng3 Qa5+ 13. Bd2 Qxc5 14. Rc1 Qd6
15. Nf5 Bxf5 16. Bxf5 Qc7 17. Rc2 Rfe8 18. f4 Bxf4 19. Qf3 Qe5 20. Kf2 Qxf5 21.
Rcc1 Ne4+ 22. Ke2 Ng3+ 23. Kf2 Nxh1+ 24. Rxh1 Qc2 25. exf4 Qxd2+ 26. Kg3 Re3
{White resigns} 0-1

[Event "Team 45 45 League T40"]
[Site "Internet Chess Club"]
[Date "2009.02.14"]
[Round "3"]
[White "C-Jones"]
[Black "nursey"]
[Result "0-1"]
[WhiteElo "1618"]
[BlackElo "1690"]
[Opening "Ruy Lopez: closed, 7...O-O"]
[ECO "C88"]
[Time "13:10:14"]
[TimeControl "2700+45"]

1. e4 e5 2. Nf3 Nc6 3. Bb5 a6 4. Ba4 Nf6 5. O-O Be7 6. Re1 b5 7. Bb3 O-O 8. Nc3
Bb7 9. Nd5 a5 10. Nxe7+ Qxe7 11. c3 a4 12. Bc2 h6 13. d4 Rfe8 14. d5 Na5 15. Qd3
Nc4 16. b3 axb3 17. Bxb3 Nd6 18. Bc2 c5 19. Qd1 Rec8 20. Nxe5 Qxe5 21. f4 Qxc3
22. Bd2 Qd4+ 23. Be3 Qxd1 24. Raxd1 Ndxe4 {White resigns} 0-1